 Dungeon Sprint DCSS version 0.22-a0-254-gaf95ca0 (webtiles) character file.

472 Ghella the Fighter (level 6, -24/99 HPs)
             Began as a Draconian Berserker on Mar 4, 2018.
             Was an Elder of Trog.
             Killed from afar by a molten gargoyle (33 damage)
             ... with a bolt of magma
             ... in the Dungeon (Sprint VII: "The Pits").
             The game lasted 00:02:54 (1808 turns).

Ghella the Fighter (Draconian Berserker)            Turns: 1808, Time: 00:02:55

Health: -24/99     AC:  6    Str: 26    XL:     6   Next: 83%
Magic:  6/6        EV: 16    Int:  7    God:    Trog [****..]
Gold:   0          SH:  0    Dex: 11    Spells: 5/5 levels left

rFire    . . .     SeeInvis .   i - +2 hand axe
rCold    . . .     Gourm    .   (no shield)
rNeg     . . .     Faith    .   (armour unavailable)
rPois    .         Spirit   .   (helmet restricted)
rElec    .         Reflect  .   (no cloak)
rCorr    .         Harm     .   (no gloves)
MR       .....     NoTele   +   (no boots)
Stlth    ..........             (no amulet)
HPRegen  0.26/turn              (no ring)
MPRegen  0.10/turn              (no ring)

@: berserking, very quick
A: unfitting armour, cold-blooded, AC +6
a: Berserk, Trog's Hand, Brothers in Arms, Renounce Religion


You were in the Dungeon.
You worshipped Trog.
Trog was greatly pleased with you.
You were very hungry.

You visited 1 branch

Inventory:

Hand Weapons
 i - a +2 hand axe (weapon)
 l - a +0 hand axe of chopping
Scrolls
 h - a scroll of blinking
 j - 3 scrolls of remove curse
 k - a scroll of summoning
Potions
 a - 2 potions of invisibility
 c - 6 potions of curing
 d - 5 potions of heal wounds
 e - a potion of haste
 f - 4 potions of magic
 g - 3 potions of berserk rage
Comestibles
 b - 8 rations


   Skills:
 * Level 10.1 Fighting
 + Level 8.1 Axes
 * Level 8.5 Dodging
 + Level 2.2 Stealth


You had 5 spell levels left.
You didn't know any spells.

Dungeon Overview and Level Annotations

Branches:
Dungeon (1/1)

Altars:
Ashenzari
Cheibriados
Dithmenos
Elyvilon
Fedhas
Gozag
Hepliaklqana
Kikubaaqudgha
Makhleb
Nemelex Xobeh
Okawaru
Qazlal
Ru
Sif Muna
Trog
Uskayaw
Vehumet
Wu Jian
Xom
Yredelemnul
Zin
The Shining One
Beogh
Jiyva
Lugonu


Innate Abilities, Weirdness & Mutations

Your plain brown scales are hard. (AC +6)
You cannot fit into any form of body armour.
You are cold-blooded and may be slowed by cold attacks.


Message History

The molten gargoyle hits you with a morningstar!
You are engulfed in flames!
You hit the molten gargoyle but do no damage.
The molten gargoyle blasts magma at you!
The bolt of magma misses you.
You hit the molten gargoyle but do no damage.
You tail-slap the molten gargoyle!
The molten gargoyle is moderately damaged.
You slash the molten gargoyle!
The molten gargoyle is severely damaged.
The molten gargoyle blasts magma at you!
The bolt of magma hits you!
* * * LOW HITPOINT WARNING * * *
You hit the molten gargoyle.
The molten gargoyle is severely damaged.
You closely miss the molten gargoyle.
The molten gargoyle is severely damaged.
The molten gargoyle blasts magma at you!
The bolt of magma hits you!
You die...

#.#........##.......#
#.#........##.......#
#'###########.......#
#.......# #########
#.......# #...#...#
#..###..#+#
#...#...#9+
#.......#@#
#.......'.#
###########


You could see a molten gargoyle.

Vanquished Creatures
  A flying skull (D)
  A floating eye (D)
  A bullfrog (D)
  2 worker ants (D)
  A gnoll (D)
  An ooze (D)
  3 leopard geckos (D)
  A hobgoblin (D)
  A jackal (D)
  2 frilled lizards (D)
  A jackal zombie (D)
15 creatures vanquished.

Vanquished Creatures (collateral kills)
  A fire bat (D)
  A jackal (D)
2 creatures vanquished.

Grand Total: 17 creatures vanquished

Notes
Turn   | Place    | Note
-------+----------+-------------------------------------------
     0 | D        | Ghella the Draconian Berserker began the quest for the Orb.
     0 | D        | Reached XP level 1. HP: 19/19 MP: 1/1
    89 | D        | Found a bloodstained altar of Trog.
    89 | D        | Found a deep blue altar of Sif Muna.
    89 | D        | Found a viscous altar of Jiyva.
    89 | D        | Found a hazy altar of Hepliaklqana.
    89 | D        | Found an opulent altar of Gozag.
    90 | D        | Found a glowing golden altar of the Shining One.
    90 | D        | Found a glowing silver altar of Zin.
    90 | D        | Found a basalt altar of Yredelemnul.
    90 | D        | Found a shimmering altar of Xom.
    90 | D        | Found an ornate altar of the Wu Jian Council.
    90 | D        | Found a sacrificial altar of Ru.
    90 | D        | Found a stormy altar of Qazlal.
    90 | D        | Found an iron altar of Okawaru.
    90 | D        | Found a sparkling altar of Nemelex Xobeh.
    90 | D        | Found a burning altar of Makhleb.
    90 | D        | Found a blossoming altar of Fedhas.
    90 | D        | Found a white marble altar of Elyvilon.
    90 | D        | Found a shadowy altar of Dithmenos.
    90 | D        | Found a snail-covered altar of Cheibriados.
    91 | D        | Found a radiant altar of Vehumet.
    91 | D        | Found a corrupted altar of Lugonu.
    91 | D        | Found a roughly hewn altar of Beogh.
    92 | D        | Found a hide-covered altar of Uskayaw.
    92 | D        | Found an ancient bone altar of Kikubaaqudgha.
    92 | D        | Found a shattered altar of Ashenzari.
   135 | D        | Noticed a floating eye
   142 | D        | Killed a floating eye
   142 | D        | Reached ** piety under Trog
   142 | D        | Reached skill level 6 in Fighting
   142 | D        | Reached skill level 5 in Dodging
   142 | D        | Reached XP level 2. HP: 28/31 MP: 2/2
   142 | D        | Reached XP level 3. HP: 34/38 MP: 3/3
   142 | D        | Reached XP level 4. HP: 41/45 MP: 4/4
   254 | D        | Reached skill level 5 in Axes
   274 | D        | Reached *** piety under Trog
   274 | D        | Reached skill level 7 in Fighting
   640 | D        | Noticed a fire bat
   655 | D        | Noticed a flying skull
   919 | D        | Reached skill level 1 in Stealth
   919 | D        | Reached XP level 5. HP: 47/52 MP: 5/5
   928 | D        | Reached **** piety under Trog
   928 | D        | Reached skill level 8 in Fighting
   930 | D        | Killed a flying skull
   930 | D        | Reached skill level 9 in Fighting
   930 | D        | Reached XP level 6. HP: 46/64 MP: 6/6
  1203 | D        | Killed a fire bat
  1203 | D        | Reached skill level 10 in Fighting
  1801 | D        | Noticed a molten gargoyle
  1808 | D        | Killed from afar by a molten gargoyle

Vault maps used:
D:        pitsprint

Skill      XL: |  1  2  3  4  5  6 |
---------------+-------------------+-----
Dodging        | 5 6 8 |  8.5
Fighting       | 6 7 9 10 | 10.1
Axes           | 4 5 7 8 |  8.1
Stealth        | 1 2 |  2.2

Action                   |  1- 3 |  4- 6 || total
-------------------------+-------+-------++-------
Melee: Hand axe          |    11 |    59 ||    70
       Tailslap          |       |     4 ||     4
Invok: Berserk           |       |     2 ||     2
       Brothers in Arms  |       |     2 ||     2
  Use: Potion            |       |     1 ||     1
 Stab: Sleeping          |       |     1 ||     1
  Eat: Ration            |       |     1 ||     1
       Chunk             |       |     1 ||     1
Armor: Skin              |     1 |    22 ||    23
Dodge: Dodged            |     7 |    61 ||    68

Table legend:
 A = Spawn XP
 B = Non-spawn XP
 C = Spawn XP percentage of total XP
 D = Spawn monster count
 E = Non-spawn monster count
 F = Spawn count percentage of total count
 G = Total turns spent on level
                    A         B        C        D         E        F      G
               +---------+---------+-------+---------+---------+-------+---------
         Total |       0 |     675 |   0.0 |       0 |      17 |   0.0 |  1808
               +---------+---------+-------+---------+---------+-------+---------
             D |       0 |     675 |   0.0 |       0 |      17 |   0.0 |  1808
               +---------+---------+-------+---------+---------+-------+---------
